 Dungeon Crawl Stone Soup version 0.27-a0-965-gbf8bb431c4 (webtiles) character file.

Game seed: 5402165784834825248

293 robertstho the Sneak (level 6, -3/43 HPs)
             Began as an Octopode Berserker on Apr 12, 2021.
             Was a Believer of Trog.
             Slain by a killer bee (8 damage)
             ... on level 4 of the Dungeon.
             The game lasted 00:03:08 (3108 turns).

robertstho the Sneak (Octopode Berserker)           Turns: 3108, Time: 00:03:09

Health: -3/43      AC:  1    Str: 16    XL:     6   Next: 33%
Magic:  6/6        EV: 14    Int:  9    God:    Trog [**....]
Gold:   127        SH:  0    Dex: 14    Spells: 5/5 levels left

rFire    . . .     SeeInvis .   a - +0 spear
rCold    . . .     Faith    .   (no shield)
rNeg     . . .     Spirit   .   (helmet restricted)
rPois    .         Reflect  .   (no amulet)
rElec    .         Harm     .   (no ring)
rCorr    .         Rampage  .   (no ring)
Will     ++...                  (no ring)
Stlth    ++++......             (no ring)
HPRegen  1.14/turn              (no ring)
MPRegen  0.10/turn              (no ring)
                                (no ring)
                                (no ring)

@: brilliant, lethally poisoned (-3 -> -4), attractive, regenerating
A: almost no armour, amphibious, 8 rings, camouflage 1, gelatinous body 1,
(nimble swimmer 1), tentacles
a: Renounce Religion, Berserk, Trog's Hand


You were on level 4 of the Dungeon.
You worshipped Trog.
Trog was pleased with you.
You visited 1 branch of the dungeon, and saw 4 of its levels.

You collected 206 gold pieces.
You spent 79 gold pieces at shops.

Inventory:

Hand Weapons
 a - a +0 spear (weapon)
Wands
 e - a wand of iceblast (7)
Scrolls
 d - a scroll of fog {unknown}
 g - 5 scrolls of teleportation
 i - a scroll of magic mapping
 k - a scroll of holy word {unknown}
 l - 2 scrolls of identify {unknown}
 o - a scroll of enchant armour {unknown}
 p - a scroll of fear {unknown}
Potions
 c - a potion of attraction
 f - a potion of might {unknown}
 h - a potion of mutation {unknown}
 j - a potion of brilliance
 m - a potion of degeneration {unknown}
 n - 2 potions of lignification {unknown}
 q - a potion of heal wounds {unknown}


   Skills:
 * Level 3.8 Fighting
 + Level 4.1 Polearms
 * Level 4.3 Dodging
 * Level 5.0 Stealth


You had 5 spell levels left.
You didn't know any spells.
Your spell library was empty.

Dungeon Overview and Level Annotations

Branches:
Dungeon (4/15)
 Temple: D:4-7

Altars:
Wu Jian

Shops:
D:3 *


Innate Abilities, Weirdness & Mutations

You cannot wear most types of armour.
You are amphibious.
You can wear up to eight rings at the same time.
Your skin changes colour to match your surroundings (Stealth+).
Your rubbery body absorbs attacks. (AC +1, EV +1)
((You are camouflaged near water. (Stealth+)))
You have tentacles for arms and can constrict up to eight enemies at once.


Message History

You feel sick.
The killer bee closely misses your kobold.
The killer bee stings your kobold!
Your kobold dies!
Your kobold's corpse dissolves into shadows!
Your quokka bites the endoplasm.
The endoplasm dies!
Trog accepts your kill.
It was a potion of attraction.
You feel attractive to monsters.
* * * LOW HITPOINT WARNING * * *
You feel sick. The killer bee is pulled toward you! x2
The worm is pulled toward you!
You swap places.
* * * LOW HITPOINT WARNING * * *
You feel sick. The killer bee stings your orc.
The killer bee barely misses your quokka.
Your orc hits the killer bee with a +0 club.
Your quokka barely misses the killer bee.
The killer bee stings your orc.
The killer bee closely misses your quokka.
Your orc hits the killer bee with a +0 flail.
Your orc closely misses the killer bee.
It was a potion of brilliance.
You feel clever all of a sudden.
* * * LOW HITPOINT WARNING * * *
You feel sick. The killer bee stings your orc.
The killer bee stings your quokka.
Your quokka dies!
Your quokka's corpse dissolves into shadows!
The killer bee stings your orc!
Your orc dies!
Your orc's corpse dissolves into shadows!
The killer bee stings your orc.
Your orc misses the killer bee.
Your orc completely misses the killer bee.
The killer bee is pulled toward you! x2; The ball python is pulled toward you!
Your skin crawls.
You feel strong-willed.
You feel sick. The killer bee stings you!
You die...

#... #... ... ..# #.# +###
##.###... #.....# #.
#..@..# #.. #..yo.# +..
#.oyo.# #.. ##y####
.##..###y####
...S..†wS#..##########
.........#.........(.#
.........#......##...#####
<##..##..##.....####'##...


You could see a worm, 4 killer bees, a ball python and 3 friendly orcs.

Vanquished Creatures
  A killer bee (D:4)
  A jelly (D:3)
  A hound (D:4)
  A hound zombie (D:2)
  A hound skeleton (D:4)
  4 gnolls (D:3)
  4 adders (D:3)
  3 worms
  3 dart slugs
  5 orcs (D:3)
  6 ball pythons
  6 endoplasms
  2 giant cockroaches
  2 goblins
  6 hobgoblins
  A jackal (D:3)
  8 kobolds
  2 quokkas
  6 bats
  2 frilled lizards (D:1)
  4 rats
69 creatures vanquished.

Vanquished Creatures (collateral kills)
  An endoplasm (D:4)
1 creature vanquished.

Grand Total: 70 creatures vanquished

Notes
Turn   | Place    | Note
-------+----------+-------------------------------------------
     0 | D:1      | robertstho the Octopode Berserker began the quest for the
                  | Orb.
     0 | D:1      | Reached XP level 1. HP: 16/16 MP: 1/1
   152 | D:1      | Reached XP level 2. HP: 21/21 MP: 2/2
   168 | D:1      | Found a faded altar of an unknown god.
   643 | D:1      | Reached skill level 1 in Stealth
  1058 | D:1      | Reached XP level 3. HP: 26/26 MP: 3/3
  1257 | D:2      | Reached ** piety under Trog
  1420 | D:2      | Reached skill level 2 in Stealth
  1741 | D:3      | Reached XP level 4. HP: 28/31 MP: 4/4
  1900 | D:3      | Reached skill level 3 in Stealth
  1905 | D:3      | Reached XP level 5. HP: 18/37 MP: 5/5
  2080 | D:3      | Reached skill level 4 in Stealth
  2357 | D:3      | Found Domar's Assorted Antiques.
  2447 | D:3      | Bought a scroll labelled JIWID FOARGH for 17 gold pieces
  2447 | D:3      | Bought a bubbling amethyst potion for 15 gold pieces
  2447 | D:3      | Bought a glowing emerald potion for 15 gold pieces
  2447 | D:3      | Bought a scroll labelled JIWID FOARGH for 17 gold pieces
  2447 | D:3      | Bought a blue potion for 15 gold pieces
  2467 | D:3      | Found an ornate altar of the Wu Jian Council.
  2990 | D:4      | Reached XP level 6. HP: 43/43 MP: 6/6
  3095 | D:4      | Reached skill level 5 in Stealth
  3108 | D:4      | Slain by a killer bee

Illustrated notes

Levels and vault maps discovered:
D:1:      heliophobic_arrival_battle_scene, layout_basic,
          shapermc_ecumenical_altar_starsandcircs, minmay_statues_item
D:2:      layout_loops_cross
D:3:      layout_loops_ring, nzn_wu_jian_contemplation, serial_shops,
          nicolae_shop_trees, minmay_fractal_squares_diagonal_5
D:4:      layout_gridville, lemuel_coloured_pillars_altar

Skill      XL: |  1  2  3  4  5  6 |
---------------+-------------------+-----
Stealth        | 1 2 3 4 5 |  5.0
Dodging        | 4 |  4.3
Polearms       | 4 |  4.1
Fighting       | |  3.8

Action                   |  1- 3 |  4- 6 || total
-------------------------+-------+-------++-------
Melee: Spear             |    77 |    85 ||   162
       Tentacles         |    11 |    18 ||    29
       Constrict         |    10 |    19 ||    29
Invok: Berserk           |       |     2 ||     2
       Trog's Hand       |       |     2 ||     2
Evoke: Wand              |       |     3 ||     3
  Use: Scroll            |     2 |     2 ||     4
       Potion            |       |     2 ||     2
 Stab: Sleeping          |    12 |     3 ||    15
Armor: Skin              |     4 |     2 ||     6
Dodge: Dodged            |    28 |    47 ||    75

Table legend: (Time is in decaauts)
 A = Elapsed time spent in this place.
 B = Non-inter-level travel time spent in this place.
 C = Inter-level travel time spent in this place.
 D = Time resting spent in this place.
 E = Time spent auto-exploring this place.
 F = Levels seen in this place.
 G = Mean time per level.
                   A        B        C        D        E       F      G
               +--------+--------+--------+--------+--------+-----+--------+
         Total |   3110 |   3044 |     66 |    259 |   2418 |   4 |  777.5 |
       Dungeon |   3110 |   3044 |     66 |    259 |   2418 |   4 |  777.5 |
               +--------+--------+--------+--------+--------+-----+--------+

Top non-repeatable levels by time:
     D:3: 1197 daAuts
     D:1: 1101 daAuts
     D:2: 593 daAuts
     D:4: 218 daAuts
